 Dungeon Crawl Stone Soup version 0.30.0-19-g36f170ea60 (webtiles) character file.

Game seed: 14054602768454359827

57 Bnni the Gusty (level 4, -3/25 HPs)
             Began as a Tengu Air Elementalist on May 29, 2023.
             Slain by a gnoll
             ... wielding a +0 club
              (4 damage)
             ... on level 3 of the Dungeon.
             The game lasted 00:04:20 (1837 turns).

Bnni the Gusty (Tengu Air Elementalist)             Turns: 1837, Time: 00:04:20

Health: -3/25      AC:  2    Str:  9    XL:     4   Next: 0%
Magic:  1/8        EV: 12    Int: 17    God:
Gold:   150        SH:  0    Dex: 14    Spells: 6/7 levels left

rFire   . . .        k - +0 dagger
rCold   . . .        (no shield)
rNeg    . . .        a - +0 robe
rPois   .            (helmet restricted)
rElec   .            (no cloak)
rCorr   .            (no gloves)
SInv    .            (boots unavailable)
Will    .....        (no amulet)
Stlth   ++           (no ring)
HPRegen 0.24/turn    (no ring)
MPRegen 0.11/turn

%: no passive effects
@: no status effects
A: beak, talons 3
a: no special abilities


You were on level 3 of the Dungeon.
You visited 1 branch of the dungeon, and saw 3 of its levels.

You collected 150 gold pieces.

Inventory:

Hand Weapons
 k - a +0 dagger (weapon)
Missiles
 l - 3 poisoned darts
Armour
 a - a +0 robe (worn)
Scrolls
 c - a scroll of vulnerability {unknown}
 d - 2 scrolls of teleportation {unknown}
 e - a scroll of immolation {unknown}
 g - a scroll of torment {unknown}
 h - a scroll of identify {unknown}
 i - a scroll of summoning {unknown}
 n - a scroll of magic mapping {unknown}
 p - a scroll of acquirement {unknown}
 q - a scroll of fear {unknown}
 s - a scroll of enchant armour {unknown}
Potions
 b - a potion of magic
 f - a potion of berserk rage {unknown}
 j - 2 potions of heal wounds {unknown}
 m - a potion of haste {unknown}
 o - a potion of might {unknown}
 r - a potion of curing {unknown}


   Skills:
 + Level 1.4 Fighting
 - Level 2.1 Dodging
 - Level 2.0 Stealth
 + Level 2.4 Spellcasting
 - Level 2.0 Conjurations
 * Level 5.2 Air Magic


You had 6 spell levels left.
You knew the following spells:

 Your Spells              Type           Power      Damage    Failure   Level
a - Shock                 Conj/Air       56%        1d6       4%          1

Your spell library contained the following spells:

 Spells                   Type           Power      Damage    Failure   Level
 Static Discharge         Conj/Air       28%        2-4/arc   6%          2
 Swiftness                Air            19%        N/A       7%          3
 Airstrike                Air            9%         2d(2-18)  22%         4


Dungeon Overview and Level Annotations

Branches:
Dungeon (3/15)

Altars:

Shops:
D:1 *   D:2 (


Innate Abilities, Weirdness & Mutations

You have a beak for a mouth.
You have claws for feet.


Message History

Aiming: Shock (safe; 4% risk of failure)
Press: ? - help, Q - select action, (/) - cycle Shift-Dir - straight line The zap hits the gnoll.
The gnoll is moderately wounded.
The zap hits the gnoll.
The gnoll is severely wounded.
The gnoll barely misses you.
Aiming: Shock (safe; 4% risk of failure)
Press: ? - help, Q - select action, (/) - cycle Shift-Dir - straight line The zap hits the gnoll.
The gnoll is almost dead.
The zap hits the gnoll.
You kill the gnoll!
You have reached level 4!
You feel stronger.
You start resting.
There are monsters nearby!
Aiming: Shock (safe; 4% risk of failure)
Press: ? - help, Q - select action, (/) - cycle Shift-Dir - straight line The zap misses the gnoll.
The gnoll hits you with a +0 club.
Unknown command.
Aiming: Shock (safe; 4% risk of failure)
Press: ? - help, Q - select action, (/) - cycle Shift-Dir - straight line The zap hits the gnoll.
The gnoll is lightly wounded.
The gnoll hits you with a +0 club.
Unknown command.
Aiming: Shock (safe; 4% risk of failure)
Press: ? - help, Q - select action, (/) - cycle Shift-Dir - straight line The zap misses the gnoll.
The zap hits the gnoll.
The gnoll is severely wounded.
The zap misses the gnoll.
The gnoll hits you from afar with a +0 spear.
The gnoll hits you with a +0 club.
* * * LOW HITPOINT WARNING * * *
The gnoll hits you from afar with a +0 spear.
* * * LOW HITPOINT WARNING * * *
The gnoll hits you with a +0 club.
You die...

.## ###.. #### #>#.#
..# ###.#.##.#
##.####...(....
#.#.#.@#.#..#..#######
........gg††....#......
.##########.........#
...........######..
########.#........#
#.#........#
#...g.[$...#
#(.........#
#...#....#.#


You could see 2 gnolls.

Vanquished Creatures
  An adder (D:2)
  A gnoll (D:3)
  A worm (D:2)
  A dart slug (D:2)
  4 bats
  An endoplasm (D:1)
  A giant cockroach (D:1)
  A hobgoblin (D:1)
  5 kobolds
  2 quokkas
  6 ball pythons
  3 frilled lizards
  5 goblins (D:1)
32 creatures vanquished.

Notes
Turn   | Place    | Note
-------+----------+-------------------------------------------
     0 | D:1      | Bnni the Tengu Air Elementalist began the quest for the
                  | Orb.
     0 | D:1      | Reached XP level 1. HP: 10/10 MP: 4/4
   205 | D:1      | Found Bafodizi's Assorted Antiques.
   256 | D:1      | Reached XP level 2. HP: 16/16 MP: 4/6
   852 | D:1      | You fall into a shaft and drop 1 floor!
   860 | D:2      | Reached XP level 3. HP: 20/20 MP: 4/7
   894 | D:2      | Found Orchuon's Weapon Emporium.
   965 | D:1      | Reached skill level 1 in Fighting
  1604 | D:2      | Reached skill level 5 in Air Magic
  1833 | D:3      | Reached XP level 4. HP: 25/25 MP: 4/8
  1837 | D:3      | HP: 1/25 [gnoll/+0 spear (3)]
  1837 | D:3      | Slain by a gnoll

Illustrated notes

Levels and vault maps discovered:
D:1:      minmay_arrival_glassed_features, layout_loops_ring, serial_shops, shop
D:2:      layout_loops_cross, serial_shops, shop
D:3:      layout_basic, pdpol_wu_jian_five_deadly_venoms, eino_curves_04,
          minmay_goblin_outpost

Skill      XL: |  1  2  3 |
---------------+----------+-----
Conjurations   | 2 |  2.0
Fighting       | 1 |  1.4
Air Magic      | 5 |  5.2
Dodging        | |  2.1
Stealth        | |  2.0
Spellcasting   | |  2.4

Action                     |  1- 3 |  4- 6 || total
---------------------------+-------+-------++-------
  Melee: Unarmed           |     1 |       ||     1
         Dagger            |     5 |       ||     5
         Peck              |     1 |       ||     1
         Kick              |     3 |       ||     3
   Cast: Shock             |    67 |     3 ||    70
 Armour: Robe              |     3 |       ||     3
  Dodge: Dodged            |    15 |       ||    15
